 Dungeon Crawl Stone Soup version 0.31-a0-198-g2ad674f65e (webtiles) character file.

Game seed: 5021683117251144954

2461880 Armakuni the Infernalist (level 27, 173/173 HPs)
             Began as a Human Conjurer on June 24, 2023.
             Was the Champion of Vehumet.
             Escaped with the Orb
             ... and 4 runes on June 25, 2023!
             The game lasted 05:16:07 (63702 turns).

Armakuni the Infernalist (Human Conjurer)          Turns: 63702, Time: 05:16:07

Health: 173/173    AC: 11    Str: 17    XL:     27
Magic:  56/56      EV: 22    Int: 29    God:    Vehumet [******]
Gold:   3375       SH: 16    Dex: 20    Spells: 14/66 levels left

rFire   + . .        a - staff "With Two Names" {Fly rElec Will+ Dex+4 Conj}
rCold   . . .        v - +2 kite shield {reflect}
rNeg    . . .        H - +2 robe {Archmagi}
rPois   +            D - +0 mask of the Dragon {Will+ Slay+3 SInv}
rElec   +            J - scarf {repulsion}
rCorr   +            X - +2 pair of gloves {Dex+3}
SInv    +            z - +2 pair of boots of the Stars {rF+}
Will    +++++        M - amulet of magic regeneration
Stlth   +            K - ring "Syfyzemn" {rPois rC- rCorr Str+6 Int+4}
HPRegen 0.48/turn    W - ring "Amaofel" {rC+ Will+ MP+9 Int-3}
MPRegen 0.75/turn

%: repel missiles, reflection, archmagi
@: flying, studying 2 skills
A: deformed body, deterioration 1, shaggy fur 1, wild magic 1, no potion heal 1
0: Orb of Zot
}: 4/15 runes: decaying, slimy, silver, gossamer
a: Renounce Religion


You escaped.
You worshipped Vehumet.
Vehumet was exalted by your worship.
You visited 12 branches of the dungeon, and saw 56 of its levels.
You visited the Abyss 1 time.
You visited 1 bazaar.
You visited 1 ziggurat, and saw 11 of its levels.
You also visited: Bailey, Wizlab and Desolation.

You collected 6376 gold pieces.
You spent 3001 gold pieces at shops.

Inventory:

Missiles
 L - a throwing net
Armour
 v - a +2 kite shield of reflection (worn)
 w - a +1 buckler of protection
 z - the +2 pair of boots of the Stars (worn) {rF+}
   (You found it on level 5 of the Vaults)

   rF:        It protects you from fire.
 D - the +0 mask of the Dragon (worn) {Will+ Slay+3 SInv}
   (You bought it in a shop on level 1 of the Dungeon)

   Slay:      It affects your accuracy & damage with ranged weapons and melee
   (+3).
   SInv:      It lets you see invisible.
   Will:      It increases your willpower.
 H - a +2 robe of the Archmagi (worn)
 J - a scarf of repulsion (worn)
 X - a +2 pair of gloves of dexterity (worn)
Magical Staves
 a - the staff "With Two Names" (weapon) {Fly rElec Will+ Dex+4 Conj}
   (You found it on level 3 of the Crypt)

   [staff of conjuration]

   Base accuracy: +5 Base damage: 5 Base attack delay: 1.2 This weapon's minimum
   attack delay (0.6) is reached at skill level 12.
   Dex:       It affects your dexterity (+4).
   rElec:     It insulates you from electricity.
   Fly:       It grants you flight.
   Conj:      It increases the power of your Conjurations spells.
   Will:      It increases your willpower.
   It falls into the 'Staves' category.
   It is a one-handed weapon.
 b - a staff of fire
Jewellery
 K - the ring "Syfyzemn" (left hand) {rPois rC- rCorr Str+6 Int+4}
   (You bought it in a shop on level 5 of the Vaults)

   [ring of strength]

   Str:       It affects your strength (+6).
   Int:       It affects your intelligence (+4).
   rC:        It makes you vulnerable to cold.
   rPois:     It protects you from poison.
   rCorr:     It protects you from acid and corrosion.
 M - an amulet of magic regeneration (around neck)
 W - the ring "Amaofel" (right hand) {rC+ Will+ MP+9 Int-3}
   (You found it on level 7 of the Dungeon)

   [ring of protection from cold]

   Int:       It affects your intelligence (-3).
   rC:        It protects you from cold.
   MP:        It affects your magic capacity (+9).
   Will:      It increases your willpower.
Wands
 d - a wand of quicksilver (19)
 k - a wand of digging (53)
 m - a wand of mindburst (34)
 F - a wand of roots (70)
Scrolls
 e - 3 scrolls of blinking
 f - 2 scrolls of silence
 g - 8 scrolls of vulnerability
 l - 2 scrolls of torment
 p - 28 scrolls of teleportation
 y - 9 scrolls of poison
 B - 32 scrolls of identify
 C - 3 scrolls of revelation
 E - 7 scrolls of butterflies
 G - 4 scrolls of immolation
 I - 4 scrolls of noise
 U - 4 scrolls of fear
 V - 11 scrolls of fog
 Z - 9 scrolls of amnesia
Potions
 h - 2 potions of brilliance
 i - 2 potions of ambrosia
 j - 10 potions of mutation
 n - 6 potions of resistance
 q - 7 potions of haste
 r - 16 potions of might
 s - 4 potions of invisibility
 t - 3 potions of cancellation
 u - 3 potions of magic
 A - 3 potions of berserk rage
 N - 7 potions of enlightenment
 Q - 14 potions of heal wounds
 Y - 15 potions of curing
Miscellaneous
 c - a condenser vane
 x - a phantom mirror
 T - a box of beasts


   Skills:
 - Level 5.0 Fighting
 - Level 5.0 Staves
 - Level 8.0 Armour
 - Level 15.1 Dodging
 - Level 2.0 Stealth
 - Level 15.0 Shields
 - Level 20.0 Spellcasting
 + Level 25.2 Conjurations
 - Level 10.0 Necromancy
 - Level 4.0 Translocations
 O Level 27 Fire Magic
 - Level 4.0 Air Magic
 - Level 10.0 Evocations


You had 14 spell levels left.
You knew the following spells:

 Your Spells              Type           Power      Damage    Failure   Level
a - Apportation           Tloc           100%       N/A       1%          1
b - Blink                 Tloc           100%       N/A       1%          2
c - Vhi's Electric Charg  Tloc/Air       100%       N/A       2%          3
d - Passwall              Tmut/Erth      45%        N/A       5%          2
f - Fireball              Conj/Fire      88%        3d32      1%          5
h - Swiftness             Air            80%        N/A       2%          3
i - Ignition              Fire           76%        3d20      1%          8
m - Iskenderun's Mystic   Conj/Tloc      100%       2d19      1%          4
o - Orb of Destruction    Conj           87%        9d19      1%          7
s - Fire Storm            Conj/Fire      88%        8d22      2%          9
v - Sublimation of Blood  Necr           100%       N/A       1%          2
z - Plasma Beam           Fire/Air       62%        2x1d78    1%          6

Your spell library contained the following spells:

 Spells                   Type           Power      Damage    Failure   Level
 Maxwell's Capacitive Co  Air            40%        ∞         99%         8
 Foxfire                  Conj/Fire      100%       2x1d9     1%          1
 Freeze                   Ice            100%       1d10      1%          1
 Kiss of Death            Conj/Necr      100%       2d13      1%          1
 Magic Dart               Conj           100%       1d8       1%          1
 Shock                    Conj/Air       100%       1d9       1%          1
 Cigotuvi's Dreadful Rot  Necr/Pois/Air  100%       N/A       1%          2
 Lesser Beckoning         Tloc           100%       N/A       1%          2
 Momentum Strike          Conj/Tloc      100%       3d10      1%          2
 Poisonous Vapours        Pois/Air       100%       N/A       1%          2
 Searing Ray              Conj           100%       2d8       1%          2
 Static Discharge         Conj/Air       100%       2-7/arc   1%          2
 Dazzling Flash           Conj/Hex       100%       N/A       1%          3
 Hailstorm                Conj/Ice       100%       3d20      1%          3
 Mephitic Cloud           Conj/Pois/Air  100%       N/A       1%          3
 Stone Arrow              Conj/Erth      100%       3d13      1%          3
 Vampiric Draining        Necr           100%       2d13      1%          3
 Volatile Blastmotes      Fire/Tloc      100%       2d18      1%          3
 Airstrike                Air            40%        2d(6-22)  1%          4
 Animate Dead             Necr           100%       N/A       1%          4
 Dispel Undead            Necr           100%       3d31      1%          4
 Flame Wave               Conj/Fire      100%       2d21      1%          4
 Fulminant Prism          Conj/Hex       70%        3d30      1%          4
 Sticky Flame             Conj/Fire      100%       2d11      1%          4
 Arcjolt                  Conj/Air       73%        1d83      1%          5
 Freezing Cloud           Conj/Ice/Air   64%        6-21      1%          5
 Iskenderun's Battlesphe  Conj           100%       2d15      1%          5
 Conjure Ball Lightning   Conj/Air       73%        3x3d27    1%          6
 Leda's Unmaking          Conj/Erth      70%        9d11      1%          6
 Starburst                Conj/Fire      88%        6d22      1%          6
 Teleport Other           Tloc           80%        N/A       2%          3
 Agony                    Necr           100%       N/A       2%          5
 Frozen Ramparts          Ice            100%       1d16      3%          3
 Beastly Appendage        Tmut           100%       N/A       4%          1
 Slow                     Hex            100%       N/A       4%          1
 Sting                    Tmut/Pois      100%       1d8       4%          1
 Anguish                  Hex/Necr       42%        N/A       4%          4
 Spellforged Servitor     Conj/Summ      70%        N/A       4%          7
 Ensorcelled Hibernation  Hex/Ice        100%       N/A       5%          2
 Wereblood                Tmut           54%        N/A       5%          2
 Manifold Assault         Tloc           80%        N/A       7%          4
 Passage of Golubria      Tloc           80%        N/A       7%          4
 Olgreb's Toxic Radiance  Pois           54%        N/A       9%          4
 Death Channel            Necr           53%        N/A       9%          6
 Confusing Touch          Hex            54%        N/A       11%         3
 Ozocubu's Armour         Ice            54%        N/A       11%         3
 Spider Form              Tmut/Pois      54%        N/A       11%         3
 Summon Guardian Golem    Hex/Summ       54%        N/A       11%         3
 Tukima's Dance           Hex            54%        N/A       11%         3
 Borgnjor's Vile Clutch   Necr/Erth      42%        N/A       12%         5
 Summon Lightning Spire   Summ/Air       68%        N/A       14%         4
 Yara's Violent Unravell  Hex/Tmut       27%        3d12      21%         5
 Lehudib's Crystal Spear  Conj/Erth      70%        10d16     26%         8
 Animate Armour           Summ/Erth      100%       N/A       30%         4
 Cause Fear               Hex            27%        N/A       30%         4
 Ice Form                 Ice/Tmut       54%        N/A       30%         4
 Petrify                  Tmut/Erth      54%        N/A       30%         4
 Silence                  Hex/Air        34%        N/A       34%         5
 Summon Forest            Summ/Tloc      34%        N/A       34%         5
 Alistair's Intoxication  Tmut/Pois      36%        N/A       61%         5
 Blade Hands              Tmut           27%        N/A       61%         5
 Metabolic Englaciation   Hex/Ice        27%        N/A       61%         5
 Summon Mana Viper        Hex/Summ       54%        N/A       61%         5
 Dispersal                Tloc           40%        N/A       63%         6
 Eringya's Noxious Bog    Tmut/Pois      27%        N/A       67%         6
 Haunt                    Necr/Summ      42%        N/A       96%         7
 Borgnjor's Revivificati  Necr           53%        N/A       96%         8
 Infestation              Necr           53%        N/A       96%         8
 Statue Form              Tmut/Erth      36%        N/A       99%         6
 Summon Cactus Giant      Summ           27%        N/A       99%         6
 Ozocubu's Refrigeration  Ice            27%        4d13      99%         7
 Dragon Form              Tmut           27%        N/A       100%        7
 Enfeeble                 Hex            27%        N/A       100%        7
 Malign Gateway           Summ/Tloc      34%        N/A       100%        7
 Storm Form               Tmut/Air       34%        N/A       100%        7
 Summon Hydra             Summ           27%        N/A       100%        7
 Disjunction              Tloc           40%        N/A       100%        8
 Necromutation            Tmut/Necr      42%        N/A       100%        8
 Summon Horrible Things   Summ           27%        N/A       100%        8
 Death's Door             Necr           53%        N/A       100%        9
 Dragon's Call            Summ           27%        N/A       100%        9


Dungeon Overview and Level Annotations

Branches:
Dungeon (15/15)            Temple (1/1) D:5            Lair (5/5) D:9
  Swamp (4/4) Lair:3       Spider (4/4) Lair:3        Slime (5/5) Lair:4
    Orc (2/2) D:11            Elf (3/3) Orc:2        Vaults (5/5) D:14
  Crypt (3/3) Vaults:2       Tomb (0/3) Crypt:3      Depths (4/4) D:15
    Zot (5/5) Depths:4     Bailey (visited)          WizLab (visited)
Desolation (visited)

Altars:
Ashenzari
Cheibriados
Dithmenos
Elyvilon
Fedhas
Gozag
Hepliaklqana
Kikubaaqudgha
Makhleb
Nemelex Xobeh
Okawaru
Qazlal
Ru
Sif Muna
Trog
Uskayaw
Vehumet
Wu Jian
Xom
Yredelemnul
Zin
The Shining One
Jiyva
Lugonu

Shops:
D:1 [([(   D:9 *   Orc:2 :(??=   Elf:2 =   Vaults:4 (   Vaults:5 =

Portals:
Hell: Depths:2
Abyss: Depths:1 Depths:3
Trove: Elf:1 (give 13 potions of heal wounds)

Annotations:
Swamp:1 2 transporters, Qiekomn's ghost, journeyman DsBe
Spider:1 exclusion: door
Spider:3 4 transporters, Koushar's ghost, journeyman FeTm


Innate Abilities, Weirdness & Mutations

Armour fits poorly on your strangely shaped body.
Your body sometimes deteriorates upon taking damage.
You are covered in fur. (AC +1)
Your spells are a little harder to cast, but a little more powerful.
Potions are less effective at restoring your health.


Message History

Aiming: Fire Storm (dangerous; 2% risk of failure)
Press: ? - help, Dir - move target, f - hell beast
Aim: a hell beast You feel a strong surge of power!
A raging storm of fire appears!
The great blast of fire engulfs the hell beast!!!!
You kill the hell beast!
Vehumet accepts your kill.
You feel your power returning.
A tormentor comes into view.
The tormentor roars!
Casting: Fire Storm (dangerous; 2% risk of failure)
Confirm with . or Enter, or press ? or * to list all spells.
Aiming: Fire Storm (dangerous; 2% risk of failure)
Press: ? - help, Dir - move target You feel a strong surge of power!
A raging storm of fire appears!
The great blast of fire engulfs the tormentor!!!
The tormentor partially resists.
You kill the tormentor!
Vehumet accepts your kill.
You feel your power returning.
You see here a +0 club.
Casting: Fire Storm (dangerous; 2% risk of failure)
Confirm with . or Enter, or press ? or * to list all spells.
Aiming: Passwall (safe; 5% risk of failure)
Press: ? - help, Dir - move target A rock wall.
This square is covered in magical glow.
You feel a surge of power!
You begin to meditate on the wall.
You continue meditating on the rock. x3
You finish merging with the rock.
Unknown command.
There is a large open door here.
There is an entrance to Xeiqaqaf's Antique Armour Emporium here.
Things that are here:
a +1 ring mail of willpower; the +0 scale mail of the True Pharaoh {rN+ Dex-2 SInv Stlth+}
There is a large open door here.
There is a large open door here.
There is a large open door here.
There is a staircase leading out of the dungeon here.
You have escaped!

#.## #.# ##...###.##...##...
#..###.#########.....###.####..
##......#.....#####...##..##...
##.............## ##...#.(.#...
#...............# ###...#.....
#...............######......#..
#...............#........##.#..
#...........####..####.#.##....
#..........##.@#######.#.####..
#.........###''### #...#.# #..
##.......##.§§...# #.###.####..
####.....###.§§§§.# #.# #.##...#
#.........##§§§§≈.# #.###....###
#...).....##......###v##...#....
#..........###''###......)......
#..>.......# #..# ##..##.#......
#..........# #''####v###.#......


There were no monsters in sight!

Vanquished Creatures
  the Royal Jelly (Slime:5)
  3 ancient liches
  3 dread liches
  6 orbs of fire (Zot:5)
  Mara (Vaults:5)
  Boris (thrice) (Vaults:4 Depths:2 Depths:4)
  Bai Suzhen (Vaults:5)
  9 Killer Klowns
  Xtahua (Depths:3)
  2 curse toes (Zot:5)
  2 caustic shrikes
  2 profane servitors
  6 golden dragons
  A Brimstone Fiend (Zig:11)
  An electric golem (Zot:5)
  A Tzitzimitl (D:14)
  5 tentacled monstrosities
  An Ice Fiend (D:6)
  Mlioglotl (Spider:1)
  2 hellephants (Zig:11)
  7 liches
  22 Orb Guardians
  A deep elf master archer (Elf:3)
  A quicksilver dragon (Zot:3)
  3 searing wretches (Zig:11)
  17 acid blobs
  A tentacled starspawn (Abyss:3)
  Frances (D:14)
  3 titans (Vaults:5)
  10 ancient champions
  5 sphinxes
  2 death cobs
  10 shadow dragons
  A sphinx (shapeshifter) (Zig:6)
  Kirke (D:15)
  8 tengu reavers
  16 storm dragons
  Roxanne (Spider:4)
  8 azure jellies
  4 draconian monks
  2 revenants
  7 emperor scorpions
  Donald (Elf:1)
  18 vault wardens
  4 fenstrider witches
  4 fire giants
  Louise (Depths:3)
  9 deep elf sorcerers (Elf:3)
  A frost giant (Vaults:5)
  2 iron dragons
  12 rockslimes
  5 balrugs (Zig:11)
  A juggernaut zombie (Depths:2)
  2 draconian scorchers
  8 ghost moths
  A cacodemon (Depths:1)
  5 deep elf elementalists (Elf:3)
  A draconian shifter (Zig:7)
  3 curse skulls
  3 orc warlords
  3 draconian annihilators
  12 ghouls
  18 ironbound preservers
  2 spriggan defenders (Depths:4)
  9 quicksilver oozes
  3 war gargoyles (Vaults:5)
  2 draconian stormcallers
  17 stone giants
  8 formless jellyfish
  9 ironbound thunderhulks
  8 vampire knights
  8 very ugly things
  4 green draconians
  6 deep elf annihilators
  11 bunyips
  8 eleionomae
  7 black draconians
  9 deep elf demonologists
  6 white draconians
  A spark wasp (Spider:1)
  Azrael (D:14)
  A lorocyproca (Zot:3)
  3 red draconians
  4 dire elephants
  11 ettins
  16 purple draconians
  3 yellow draconians
  7 eidola
  6 deep elf death magi
  Snorg (Lair:4)
  An iron golem (Zig:2)
  The ghost of lukessrichardson the Cleaver, a journeyman HuBe of Trog (Lair:1)
  2 crystal guardians (Vaults:4)
  4 shambling mangroves
  2 mummy priests (Crypt:3)
  8 fire dragons
  The ghost of Armakuni the Destroyer, a journeyman HuCj of Gozag (D:12)
  14 jiangshi
  9 statues (WizLab)
  8 entropy weavers
  29 hydras
  6 great orbs of eyes
  38 vault guards
  21 yaktaur captains
  4 deep elf high priests (Elf:3)
  2 ragged hierophants (Desolation)
  4 ice dragons
  Erolcha (Orc:2)
  3 peacekeepers
  3 ghost crabs
  A rakshasa (D:15)
  2 hell beasts
  2 spriggan air magi
  3 jorogumos
  A servant of whispers (Desolation)
  2 fenstrider witch zombies
  2 ogre magi (Vaults:5)
  8 ironbound frosthearts
  5 boulder beetles
  17 centaur warriors
  An alligator snapping turtle (shapeshifter) (Vaults:5)
  3 death knights
  5 catoblepae
  27 dancing weapons
  2 deep troll shamans
  13 two-headed ogres
  6 alligators
  7 tengu warriors
  3 deep troll earth magi
  3 death yaks (Lair:5)
  2 thrashing horrors (Abyss:3)
  7 vampire magi
  7 demonic crawlers
  12 hell knights
  A titan skeleton (Crypt:2)
  Nergalle (Orc:2)
  A shock serpent (shapeshifter) (Zig:6)
  2 spriggan berserkers
  7 sun demons (Depths:2)
  2 soul eaters
  A sun moth (Spider:1)
  11 deep elf knights
  A wretched star (Abyss:2)
  A spectral death yak (Lair:3)
  A death drake (shapeshifter) (Vaults:5)
  A sixfirhy (Depths:1)
  28 skeletal warriors
  A skyshark (Lair:4)
  6 pharaoh ants
  6 shadow wraiths
  5 goliath frogs
  5 flayed ghosts
  A storm dragon skeleton (Crypt:3)
  17 swamp dragons
  6 spriggan druids
  2 spectral hydras (Lair:1)
  3 death drakes
  5 glowing orange brains
  12 orb spiders
  57 deep trolls
  2 spriggan simulacra
  6 wizards
  An anaconda zombie (Crypt:2)
  4 bog bodies
  4 harpies (Vaults:3)
  8 orc knights
  12 deep elf pyromancers
  20 ironbound convokers
  9 necromancers
  6 starcursed masses
  5 deep elf archers
  An anaconda skeleton (Crypt:1)
  25 deep elf zephyrmancers
  4 lindwurms
  10 orc sorcerers
  Pikel (D:5)
  6 steelbarb worms
  8 phantasmal warriors
  An eleionoma zombie (Crypt:1)
  15 wolf spiders
  A jorogumo skeleton (Crypt:1)
  3 will-o-the-wisps
  29 ugly things
  5 cyclopes
  6 shining eyes
  A shining eye (shapeshifter) (Zig:6)
  21 elephants
  A spectral boulder beetle (Lair:1)
  6 manticores
  A rust devil (Depths:1)
  A formless jellyfish zombie (Crypt:3)
  2 apocalypse crabs
  6 moths of wrath
  4 black mambas
  2 large abominations
  Joseph (D:7)
  2 orange demons (Depths:1)
  A smoke demon (D:8)
  6 torpor snails
  A centaur skeleton (Crypt:2)
  An emperor scorpion simulacrum (Crypt:1)
  5 rime drakes
  An eye of devastation (shapeshifter) (Depths:2)
  4 gargoyles
  17 vault sentinels
  Maggie (D:7)
  16 cane toads
  2 unseen horrors
  A black draconian zombie (Crypt:2)
  An eye of devastation (Depths:2)
  2 alligator snapping turtle zombies
  A red draconian zombie (Crypt:3)
  3 hellions
  A steelbarb worm zombie (Crypt:3)
  5 komodo dragons
  An efreet (D:15)
  9 freezing wraiths
  A minotaur zombie (Crypt:2)
  36 yaktaurs
  An unseen horror skeleton (Crypt:3)
  22 tengu conjurers
  A purple draconian skeleton (Crypt:1)
  A redback zombie (Crypt:2)
  An elf skeleton (Vaults:2)
  A yaktaur (shapeshifter) (D:10)
  3 tormentors
  A queen bee (Spider:1)
  2 guardian mummies (Crypt:3)
  3 hellwings (D:8)
  4 ancient zymes
  8 trolls
  2 bloated husks
  2 mana viper skeletons (Crypt:1)
  2 wind drakes (Zig:10)
  A polar bear (Lair:5)
  6 meliai
  12 tyrant leeches
  25 hornets
  29 tarantellas
  2 stone giant simulacra (Vaults:2)
  6 dream sheep (Lair:5)
  12 saltlings (Desolation)
  A hydra skeleton (Crypt:2)
  A dream sheep (shapeshifter) (Vaults:1)
  2 harpy skeletons (Crypt:2)
  34 jumping spiders
  23 blink frogs
  An ettin zombie (Crypt:1)
  2 air elementals
  3 flying skulls (Crypt:2)
  A spectral black mamba (Lair:1)
  2 centaur simulacra (Crypt:2)
  29 culicivoras
  2 ettin skeletons
  103 slime creatures
  7 wyverns
  A vampire (D:12)
  21 spriggans
  A water elemental (Elf:1)
  4 shadows
  2 ushabtiu (Crypt:3)
  34 yaks
  A fire bat (shapeshifter) (Depths:2)
  17 wraiths
  2 chaos spawn (Zig:6)
  11 golden eyes
  4 fire elementals
  3 hogs (D:15)
  10 vampire mosquitoes
  10 basilisks
  3 steam dragons
  A neqoxec (Abyss:3)
  A death yak simulacrum (Lair:1)
  64 redbacks
  2 spectral cane toads
  A warg (Orc:1)
  An acid dragon (D:13)
  An acid dragon (shapeshifter) (Vaults:2)
  12 swamp worms
  13 water moccasins
  2 naga skeletons (Crypt:2)
  16 swamp drakes
  2 glowing shapeshifter skeletons (Depths:2)
  4 hell hounds (D:14)
  A faun skeleton (Crypt:1)
  11 orc warriors
  3 black bears
  A water nymph skeleton (Crypt:2)
  A blink frog zombie (Crypt:3)
  A black mamba simulacrum (Crypt:2)
  4 boggarts (Vaults:4)
  A spectral rime drake (Lair:3)
  18 centaurs
  A boggart (shapeshifter) (Vaults:5)
  11 ogres
  22 wolves
  3 small abominations
  A rime drake zombie (Crypt:2)
  A phantom (D:6)
  A lemure (D:5)
  3 kobold brigands
  5 earth elementals
  10 bullfrogs
  2 gnoll sergeants
  A salamander skeleton (Crypt:3)
  A glowing shapeshifter simulacrum (Vaults:2)
  4 necrophages
  A draconian skeleton (Crypt:2)
  A naga simulacrum (Crypt:3)
  5 wights (D:7)
  A cyclops skeleton (Crypt:2)
  A hornet simulacrum (D:11)
  A raiju zombie (Crypt:1)
  33 killer bees
  3 howler monkeys
  A spriggan skeleton (Crypt:3)
  4 electric eels (Lair:2)
  4 lava snakes (Lair:2)
  8 jellies
  4 hounds
  3 gnoll boudas
  13 orc priests
  An iron imp (Abyss:2)
  A sleepcap (D:5)
  Jessica (D:2)
  An iguana (D:5)
  38 orc wizards
  9 hell rats (Lair:3)
  An acid dragon zombie (Crypt:1)
  A deep dwarf zombie (Crypt:2)
  A boggart simulacrum (D:14)
  A hound skeleton (Crypt:2)
  40 gnolls
  7 adders
  A shadow imp (D:4)
  2 white imps
  4 ufetubi
  5 worms
  5 dart slugs
  75 orcs
  6 ball pythons
  3 bats
  An endoplasm (shapeshifter) (Vaults:5)
  5 endoplasms
  A giant cockroach (D:1)
  17 goblins
  11 hobgoblins
  2 jackals (D:5)
  31 kobolds
  5 quokkas
  A frilled lizard (D:1)
  A quokka skeleton (Crypt:3)
  4 rats
  A rat zombie (Crypt:1)
  8 fire vortices
  A starspawn tentacle (Abyss:3)
2394 creatures vanquished.

Vanquished Creatures (collateral kills)
  A golden dragon (Zot:4)
  A tentacled monstrosity (Vaults:5)
  3 Orb Guardians (Zot:5)
  An acid blob (Slime:1)
  A sphinx (Vaults:5)
  A rockslime (Slime:4)
  A draconian knight (Zot:3)
  3 ghouls
  2 ironbound preservers
  2 stone giants
  2 dancing weapons
  A shadow wraith (Vaults:5)
  2 moths of wrath (Zot:3)
  A rime drake (Zig:10)
  5 slime creatures
  A boggart (Vaults:4)
  2 orcs (D:8)
  A kobold (D:8)
31 creatures vanquished.

Vanquished Creatures (others)
  A tentacled monstrosity (Zig:9)
  A swamp dragon (Zig:9)
  A wizard (Vaults:2)
  A human (D:15)
  A centaur (D:15)
  3 killer bees (D:8)
  2 orc wizards
  483 fire vortices
  14 foxfires
  31 fulminant prisms
538 creatures vanquished.

Grand Total: 2963 creatures vanquished

Notes
Turn   | Place    | Note
-------+----------+-------------------------------------------
     0 | D:1      | Armakuni the Human Conjurer began the quest for the Orb.
     0 | D:1      | Reached XP level 1. HP: 13/13 MP: 3/3
    12 | D:1      | Found Xeiqaqaf's Antique Armour Emporium.
   140 | D:1      | Reached XP level 2. HP: 19/19 MP: 3/5
   143 | D:1      | Learned a level 2 spell: Searing Ray
   321 | D:1      | Found Reafukox's Weapon Shop.
   558 | D:1      | Reached XP level 3. HP: 24/24 MP: 3/6
   708 | D:1      | Reached skill level 5 in Conjurations
   877 | D:1      | Found Xiotog's Armour Shop.
   942 | D:1      | Found Katrys's Antique Weapon Shop.
  1283 | D:2      | Reached XP level 4. HP: 30/30 MP: 2/7
  2386 | D:2      | Noticed Jessica
  2390 | D:2      | Killed Jessica
  2391 | D:2      | Reached XP level 5. HP: 35/35 MP: 4/9
  2926 | D:3      | Found a faded altar of an unknown god.
  2933 | D:3      | Got Plato's Textbook on the Sixfirhy
  3096 | D:3      | Found a burning altar of Makhleb.
  3242 | D:3      | Identified the ring "Seaferyc" {Str+4 Dex+6}
  3644 | D:4      | Reached XP level 6. HP: 41/41 MP: 6/11
  4433 | D:4      | Noticed a black bear
  4438 | D:4      | Killed a black bear
  4439 | D:4      | Reached XP level 7. HP: 46/46 MP: 5/13
  4631 | D:5      | Entered Level 5 of the Dungeon
  4664 | D:5      | Found a staircase to the Ecumenical Temple.
  4716 | D:5      | Learned a level 1 spell: Shock
  5066 | D:5      | Reached skill level 5 in Spellcasting
  5195 | D:5      | Reached XP level 8. HP: 52/52 MP: 8/15
  5247 | D:5      | Noticed Pikel
  5276 | Temple   | Entered the Ecumenical Temple
  5335 | Temple   | Became a worshipper of Vehumet
  5366 | D:5      | Killed Pikel
  5851 | D:5      | Learned a level 4 spell: Iskenderun's Mystic Blast
  5856 | D:5      | Learned a level 4 spell: Fulminant Prism
  6085 | D:6      | Reached skill level 10 in Conjurations
  6085 | D:6      | Reached skill level 1 in Evocations
  6085 | D:6      | Reached XP level 9. HP: 57/57 MP: 9/16
  6170 | D:6      | Reached * piety under Vehumet
  6170 | D:6      | Offered knowledge of Foxfire by Vehumet.
  6574 | D:6      | Reached skill level 5 in Evocations
  6622 | D:6      | Reached skill level 1 in Fighting
  6622 | D:6      | Reached skill level 1 in Staves
  7086 | D:7      | Offered knowledge of Freeze by Vehumet.
  7087 | D:7      | Reached ** piety under Vehumet
  7183 | D:7      | Identified the ring "Amaofel" {rC+ Will+ MP+9 Int-3}
  7343 | D:1      | Bought the +0 mask of the Dragon {Will+ Slay+3 SInv} for
                  | 334 gold pieces
  7343 | D:1      | Found the +0 mask of the Dragon {Will+ Slay+3 SInv}
  7507 | D:7      | Noticed Joseph
  7513 | D:7      | Killed Joseph
  7514 | D:7      | Reached XP level 10. HP: 52/71 MP: 14/17
  7903 | D:7      | Reached skill level 5 in Fighting
  7903 | D:7      | Reached skill level 5 in Staves
  8155 | D:7      | Noticed Maggie
  8163 | D:7      | Killed Maggie
  8677 | D:8      | Offered knowledge of Inner Flame by Vehumet.
  8681 | D:8      | Noticed a two-headed ogre
  8705 | D:8      | Reached *** piety under Vehumet
  8716 | D:8      | Killed a two-headed ogre
  9300 | D:9      | Reached XP level 11. HP: 78/79 MP: 10/18
  9641 | D:9      | Learned a level 3 spell: Vhi's Electric Charge
  9658 | D:9      | Noticed an elephant
  9726 | D:9      | Offered knowledge of Sticky Flame by Vehumet.
  9765 | D:9      | Found Foreru's Elemental Accessories.
  9786 | D:9      | Learned a level 4 spell: Sticky Flame
  9834 | D:9      | Reached skill level 1 in Translocations
  9834 | D:9      | Reached skill level 1 in Air Magic
  9896 | D:9      | Found a staircase to the Lair.
  9908 | D:9      | Found a snail-covered altar of Cheibriados.
 10023 | D:9      | Reached skill level 1 in Fire Magic
 10301 | D:9      | Killed an elephant
 10354 | D:9      | Reached skill level 2 in Fire Magic
 10556 | Lair:1   | Entered Level 1 of the Lair of Beasts
 10635 | Lair:1   | Reached skill level 10 in Evocations
 10869 | Lair:1   | Reached skill level 3 in Fire Magic
 11007 | Lair:1   | Found a runed translucent gate.
 11007 | Lair:1   | Found a runed translucent gate.
 11007 | Lair:1   | Found a runed translucent gate.
 11008 | Lair:1   | Noticed lukessrichardson's ghost (journeyman HuBe)
 11754 | Lair:2   | Reached skill level 4 in Fire Magic
 11999 | Lair:2   | Reached **** piety under Vehumet
 12000 | Lair:2   | Reached skill level 5 in Fire Magic
 12004 | Lair:2   | Reached XP level 12. HP: 61/86 MP: 20/20
 12114 | Lair:2   | Offered knowledge of Ignite Poison by Vehumet.
 12185 | Lair:2   | Learned a level 3 spell: Swiftness
 12419 | Lair:2   | Reached skill level 1 in Shields
 12632 | Lair:2   | Reached skill level 6 in Fire Magic
 13533 | Lair:3   | Reached skill level 7 in Fire Magic
 13773 | Lair:3   | Noticed a six-headed hydra
 13774 | Lair:3   | Reached ***** piety under Vehumet
 13932 | Lair:3   | Offered knowledge of Starburst by Vehumet.
 13943 | Lair:3   | Killed a six-headed hydra
 13944 | Lair:3   | Reached skill level 8 in Fire Magic
 13956 | Lair:3   | Reached XP level 13. HP: 21/91 MP: 23/25
 14240 | Lair:3   | Noticed a seven-headed hydra
 14248 | Lair:3   | Killed a seven-headed hydra
 14541 | Lair:3   | Identified the +3 battleaxe of the Shrike {freeze, Fragile
                  | Will++ Int+3}
 14736 | Lair:3   | Noticed a ghost crab
 14739 | Lair:3   | Killed a ghost crab
 14845 | Lair:3   | Found a staircase to the Swamp.
 14865 | Lair:3   | Found a hole to the Spider Nest.
 14959 | Lair:4   | Reached skill level 9 in Fire Magic
 14986 | Lair:3   | Learned a level 6 spell: Starburst
 15558 | Lair:4   | Noticed a catoblepas
 15583 | Lair:4   | Killed a catoblepas
 15584 | Lair:4   | Reached skill level 10 in Fire Magic
 15700 | Lair:4   | Noticed a catoblepas
 15701 | Lair:4   | Noticed Snorg
 15715 | Lair:4   | Killed Snorg
 15716 | Lair:4   | Reached skill level 10 in Spellcasting
 15720 | Lair:4   | Killed a catoblepas
 16021 | Lair:4   | Reached skill level 1 in Armour
 16175 | Lair:4   | Found a runed translucent door.
 16175 | Lair:4   | Found a viscous altar of Jiyva.
 16176 | Lair:4   | Found a staircase to the Slime Pits.
 16399 | Lair:5   | Entered Level 5 of the Lair of Beasts
 16485 | Lair:5   | Reached skill level 11 in Fire Magic
 16529 | Lair:5   | Reached XP level 14. HP: 93/98 MP: 28/28
 16784 | Lair:5   | Reached skill level 5 in Armour
 16894 | Lair:5   | Reached skill level 12 in Fire Magic
 17006 | Lair:5   | Offered knowledge of Leda's Unmaking by Vehumet.
 17192 | Lair:5   | Reached skill level 13 in Fire Magic
 17281 | Lair:5   | Learned a level 1 spell: Apportation
 17288 | Lair:5   | Learned a level 6 spell: Plasma Beam
 17374 | Lair:5   | Reached skill level 14 in Fire Magic
 17425 | Lair:5   | Identified the staff "Armakuni's Curse" {rPois MP-9 Hexes
                  | Earth}
 17820 | Lair:1   | Killed lukessrichardson's ghost
 17976 | D:10     | Entered Level 10 of the Dungeon
 18013 | D:10     | Found a flagged portal.
 18023 | Bailey   | Entered a bailey
 18037 | Bailey   | Noticed an orc warlord
 18085 | Bailey   | Found a runed translucent gate.
 18085 | Bailey   | Found a runed translucent gate.
 18085 | Bailey   | Found a runed translucent gate.
 18262 | Bailey   | Killed an orc warlord
 18263 | Bailey   | Reached XP level 15. HP: 103/103 MP: 20/29
 18286 | Bailey   | Identified the +3 broad axe "Neoruir" {pain, rC- rN+ Str+2
                  | Int+9}
 18301 | Bailey   | Reached XP level 16. HP: 109/109 MP: 30/31
 18397 | D:10     | Reached skill level 15 in Fire Magic
 18506 | D:10     | Found a sacrificial altar of Ru.
 18603 | D:10     | Found a broken altar of Ashenzari.
 19160 | D:11     | Identified the amulet of the Okapi {Spirit rF++ Will+
                  | Int+4}
 19336 | D:11     | Found a staircase to the Orcish Mines.
 19341 | Orc:1    | Entered Level 1 of the Orcish Mines
 19587 | Orc:1    | Reached ****** piety under Vehumet
 19641 | Orc:2    | Entered Level 2 of the Orcish Mines
 19645 | Orc:2    | Offered knowledge of Conjure Ball Lightning by Vehumet.
 19688 | Orc:2    | Found a flickering gateway to a bazaar.
 19702 | Bazaar   | Entered a bazaar
 19702 | Bazaar   | Found Jotzor's Antique Armour Shop.
 19714 | Bazaar   | Found Iprumm's Distillery.
 19740 | Bazaar   | Found Ewkuogo's Antique Weapon Shop.
 19768 | Bazaar   | Bought a potion of heal wounds for 30 gold pieces
 19768 | Bazaar   | Bought a potion of cancellation for 48 gold pieces
 19768 | Bazaar   | Bought a potion of resistance for 60 gold pieces
 19780 | Bazaar   | Bought a potion of curing for 18 gold pieces
 19795 | Bazaar   | Bought a pair of glowing gloves for 277 gold pieces
 19889 | Orc:2    | Found a staircase to the Elven Halls.
 19980 | Orc:2    | Found Waezopn's Self-Improvement Boutique.
 20038 | Orc:2    | Found Fuirchale's Antique Weapon Shop.
 20042 | Orc:2    | Reached skill level 16 in Fire Magic
 20070 | Orc:2    | Found Feesuisk's Magic Scroll Boutique.
 20094 | Orc:2    | Bought a scroll of teleportation for 42 gold pieces
 20094 | Orc:2    | Bought a scroll of teleportation for 42 gold pieces
 20094 | Orc:2    | Bought a scroll of amnesia for 56 gold pieces
 20094 | Orc:2    | Bought a scroll of amnesia for 56 gold pieces
 20109 | Orc:2    | Found a radiant altar of Vehumet.
 20109 | Orc:2    | Noticed Erolcha
 20110 | Orc:2    | Killed Erolcha
 20119 | Orc:2    | Found Tumak's Magic Scroll Boutique.
 20141 | Orc:2    | Noticed Nergalle
 20148 | Orc:2    | Found an ancient bone altar of Kikubaaqudgha.
 20155 | Orc:2    | Killed Nergalle
 20314 | Orc:2    | Found Kumalydgh's Jewellery Boutique.
 21266 | D:12     | Offered knowledge of Fireball by Vehumet.
 21273 | D:12     | Learned a level 5 spell: Fireball
 21612 | D:12     | Reached skill level 17 in Fire Magic
 21779 | D:12     | Found a transporter.
 21784 | D:12     | Noticed Armakuni's ghost (journeyman HuCj)
 21807 | D:12     | Found a transporter.
 21816 | D:12     | Killed Armakuni's ghost
 22726 | D:13     | Reached skill level 18 in Fire Magic
 22830 | D:14     | Reached XP level 17. HP: 115/115 MP: 33/33
 22832 | D:14     | Found a gate to the Vaults.
 23104 | D:14     | Noticed Frances
 23108 | D:14     | Killed Frances
 23349 | D:14     | Noticed Azrael
 23353 | D:14     | Killed Azrael
 23658 | D:14     | Reached skill level 19 in Fire Magic
 23937 | D:15     | Entered Level 15 of the Dungeon
 24233 | D:15     | Found a staircase to the Depths.
 24315 | D:15     | Offered knowledge of Yara's Violent Unravelling by Vehumet.
 24461 | D:15     | Noticed Kirke
 24475 | D:15     | Killed Kirke
 25044 | D:15     | Found an iron altar of Okawaru.
 25484 | D:1      | Bought a fine scale mail for 243 gold pieces
 25484 | D:1      | Identified the +0 scale mail of the True Pharaoh {rN+ Dex-2
                  | SInv Stlth+} (You bought it in a shop on level 1 of the
                  | Dungeon)
 25486 | D:1      | Bought a runed ring mail for 189 gold pieces
 25731 | Swamp:1  | Entered Level 1 of the Swamp
 25825 | Swamp:1  | Reached skill level 20 in Fire Magic
 25953 | Swamp:1  | Found a bloodstained altar of Trog.
 25989 | Swamp:1  | Identified the +7 short sword of the Ancients {flame, *Slow
                  | rElec MP+9 Int+3}
 26161 | Swamp:1  | Found a transporter.
 26168 | Swamp:1  | Found a transporter.
 26623 | Swamp:1  | Noticed Qiekomn's ghost (journeyman DsBe)
 26979 | Swamp:2  | Reached XP level 18. HP: 121/121 MP: 11/34
 27147 | Swamp:2  | Reached skill level 21 in Fire Magic
 27424 | Swamp:2  | Offered knowledge of Ozocubu's Refrigeration by Vehumet.
 29589 | Swamp:4  | Entered Level 4 of the Swamp
 29832 | Swamp:4  | Offered knowledge of Eringya's Noxious Bog by Vehumet.
 29930 | Swamp:4  | Reached skill level 22 in Fire Magic
 29991 | Swamp:4  | Reached XP level 19. HP: 100/126 MP: 23/37
 30044 | Swamp:4  | Paralysed by a hornet for 3 turns
 30471 | Swamp:4  | Got a decaying rune of Zot
 30756 | Spider:1 | Entered Level 1 of the Spider Nest
 30929 | Spider:1 | Noticed Mlioglotl
 30936 | Spider:1 | Killed Mlioglotl
 31338 | Spider:1 | Offered knowledge of Fire Storm by Vehumet.
 31338 | Spider:1 | Offered knowledge of Ignition by Vehumet.
 31338 | Spider:1 | Offered knowledge of Maxwell's Capacitive Coupling by
                  | Vehumet.
 31344 | Spider:1 | Reached skill level 23 in Fire Magic
 31962 | Spider:1 | Found a runed translucent door.
 32448 | Spider:2 | You fall into a shaft and drop 1 floor!
 32467 | Spider:3 | Found a transporter.
 32498 | Spider:3 | Learned a level 8 spell: Ignition
 33339 | Spider:2 | Found the +27 heavy crossbow "Sniper" {heavy, Acc+∞ SInv}
 33349 | Spider:2 | Identified the +2 rapier of Joyful Slaughter {speed, rPois
                  | rF- rC+++}
 33393 | Spider:2 | Reached skill level 24 in Fire Magic
 33517 | Spider:3 | Found a transporter.
 33669 | Spider:3 | Found a transporter.
 33670 | Spider:3 | Found a transporter.
 33671 | Spider:3 | Noticed Koushar's ghost (journeyman FeTm)
 34509 | Spider:4 | Entered Level 4 of the Spider Nest
 34621 | Spider:4 | Reached XP level 20. HP: 128/133 MP: 38/38
 35652 | Spider:4 | Identified Roxanne's Elucidation of Sculpting
 35652 | Spider:4 | Noticed Roxanne
 36106 | Spider:4 | Killed Roxanne
 36514 | Spider:4 | Got a gossamer rune of Zot
 36983 | Elf:1    | Entered Level 1 of the Elven Halls
 37141 | Elf:1    | Identified the +1 short sword "Liaceynn" {vamp, rElec}
 37169 | Elf:1    | Reached skill level 25 in Fire Magic
 37176 | Elf:1    | Paralysed by an air elemental for 1 turns
 37231 | Elf:1    | Noticed Donald
 37233 | Elf:1    | Killed Donald
 37378 | Elf:1    | Got the Exposition on Violence
 38172 | Elf:1    | Found a portal to a secret trove of treasure.
 38523 | Elf:2    | Found Omoag Owna's Jewellery Boutique.
 38749 | Elf:2    | Paralysed by an air elemental for 1 turns
 38752 | Elf:2    | Paralysed by an air elemental for 1 turns
 38767 | Elf:2    | Found a crumbling gateway.
 38775 | Desolati | Entered the Desolation of Salt
 39347 | Elf:2    | Found a runed translucent gate.
 39347 | Elf:2    | Found a runed translucent gate.
 39420 | Elf:2    | Found a runed translucent gate.
 39507 | Elf:3    | Entered Level 3 of the Elven Halls
 39864 | Elf:3    | Reached XP level 21. HP: 138/138 MP: 39/39
 39894 | Elf:3    | Reached skill level 26 in Fire Magic
 40211 | Elf:3    | Upgraded the game from 0.31-a0-196-g86fe4a5e66 to
                  | 0.31-a0-198-g2ad674f65e
 40352 | Elf:3    | Identified the +5 rapier of Gin and Tonic {freeze, Str-5
                  | Int+5}
 40356 | Elf:3    | Identified the +0 demon blade "Pinogah" {pain, +Blink rCorr
                  | Str+5 Int-2} (You took it off a deep elf elementalist on
                  | level 3 of the Elven Halls)
 40467 | Elf:3    | Identified the +1 long sword of the Stoat {heavy, rPois
                  | Will+++ Str-3 Int+5}
 40545 | Elf:3    | Identified the +5 sling of the Reaper {freeze, Fly rN++
                  | Int+2}
 40552 | Elf:3    | Identified the +12 longbow of the Hills {flame, rN+ Dex+3
                  | SInv}
 41321 | Elf:2    | Reached skill level 27 in Fire Magic
 41871 | Elf:1    | Found a shimmering altar of Xom.
 42037 | Orc:2    | Bought a scroll of blinking for 112 gold pieces
 42037 | Orc:2    | Bought a scroll of enchant armour for 112 gold pieces
 42037 | Orc:2    | Bought a scroll of teleportation for 45 gold pieces
 42037 | Orc:2    | Bought a scroll of teleportation for 45 gold pieces
 42037 | Orc:2    | Bought a scroll of teleportation for 45 gold pieces
 42282 | Vaults:1 | Entered Level 1 of the Vaults
 42662 | Vaults:1 | Learned a level 9 spell: Fire Storm
 42988 | Vaults:1 | Paralysed by a great orb of eyes for 4 turns
 43106 | Vaults:1 | Reached XP level 22. HP: 144/144 MP: 40/40
 43162 | Abyss:2  | Found a corrupted altar of Lugonu.
 43162 | Abyss:2  | Cast into level 2 of the Abyss (a wizard)
 43182 | Abyss:2  | Found a corrupted altar of Lugonu.
 43276 | Abyss:2  | Found a bloodstained altar of Trog.
 43276 | Abyss:2  | Found a bloodstained altar of Trog.
 43276 | Abyss:2  | Found a bloodstained altar of Trog.
 43294 | Abyss:2  | Noticed a bone dragon
 43497 | Abyss:3  | Gained mutation: You do not regenerate when monsters are
                  | visible. [a neqoxec]
 43501 | Abyss:3  | Gained mutation: You have a pair of small horns on your
                  | head. [a neqoxec]
 43512 | Abyss:3  | Noticed a dread lich
 43521 | Abyss:3  | Killed a dread lich
 43523 | Abyss:3  | Reached skill level 15 in Spellcasting
 43582 | Abyss:3  | Lost mutation: You do not regenerate when monsters are
                  | visible. [potion of mutation]
 43582 | Abyss:3  | Lost mutation: You have a pair of small horns on your head.
                  | [potion of mutation]
 43582 | Abyss:3  | Gained mutation: You are weak. (Str -2) [potion of
                  | mutation]
 43582 | Abyss:3  | Gained mutation: Your flesh is cold resistant. (rC+)
                  | [potion of mutation]
 43602 | Vaults:1 | Escaped the Abyss
 43656 | Vaults:1 | Lost mutation: You are weak. (Str -2) [potion of mutation]
 43656 | Vaults:1 | Lost mutation: Your flesh is cold resistant. (rC+) [potion
                  | of mutation]
 43656 | Vaults:1 | Gained mutation: Your spells are a little harder to cast,
                  | but a little more powerful. [potion of mutation]
 43656 | Vaults:1 | Gained mutation: You are covered in fur. (AC +1) [potion of
                  | mutation]
 43656 | Vaults:1 | Gained mutation: Your muscles are strong. (Str +4, Int/Dex
                  | -1) [potion of mutation]
 44979 | Vaults:2 | Reached skill level 15 in Conjurations
 45027 | Vaults:2 | Found the +7 great mace "Firestarter" {flame, immolate,
                  | rFlCloud rF++}
 45095 | Vaults:2 | Found a staircase to the Crypt.
 45095 | Vaults:2 | Found a basalt altar of Yredelemnul.
 45096 | Vaults:2 | Found an ancient bone altar of Kikubaaqudgha.
 45335 | Vaults:2 | Reached XP level 23. HP: 120/150 MP: 42/42
 46595 | Vaults:3 | Found a magical portal.
 46603 | WizLab   | Entered Iskenderun's Mystic Tower
 47576 | WizLab   | Learned a level 7 spell: Orb of Destruction
 48313 | WizLab   | Got the Anthology of the Hierophant
 48313 | WizLab   | Got the Thoughts on the Ensnaring Crevasse
 48317 | WizLab   | Learned a level 2 spell: Blink
 48332 | WizLab   | Got Iskenderun's Atlas of the Discharge
 48332 | WizLab   | Got Iskenderun's Omnibus of Force
 48426 | WizLab   | Got the Spellbook of Mortification
 49500 | Vaults:3 | Identified the +8 arbalest "Yze Esekh" {speed, rElec Will+}
 50084 | Vaults:4 | Reached XP level 24. HP: 147/156 MP: 43/43
 51073 | Vaults:4 | Found Jiuho's Antique Weapon Emporium.
 51081 | Vaults:4 | Bought a sapphire orcbow for 272 gold pieces
 51081 | Vaults:4 | Identified the +0 orcbow of Uskayaw's Reproof {elec, Dex+5}
                  | (You bought it in a shop on level 4 of the Vaults)
 51151 | Vaults:4 | Noticed Boris
 51155 | Vaults:4 | Killed Boris
 51579 | Vaults:5 | Entered Level 5 of the Vaults
 51579 | Vaults:5 | Noticed Bai Suzhen
 51589 | Vaults:5 | Killed Bai Suzhen
 51679 | Vaults:5 | Noticed a golden dragon
 51872 | Vaults:5 | Noticed a golden dragon
 51879 | Vaults:5 | Killed a golden dragon
 51895 | Vaults:5 | Noticed a golden dragon
 51909 | Vaults:5 | Killed a golden dragon
 51935 | Vaults:5 | Killed a golden dragon
 51990 | Vaults:5 | Reached XP level 25. HP: 161/161 MP: 45/45
 52030 | Vaults:5 | Identified the +3 whip "Jah Buys" {heavy, Contam +Blink
                  | rCorr}
 52135 | Vaults:5 | Identified the +11 lajatang "Rutih" {heavy, Fly rElec
                  | Int+2} (You took it off a yaktaur captain on level 5 of the
                  | Vaults)
 52172 | Vaults:5 | Identified the ring of Woamipn {rCorr Str+4}
 52520 | Vaults:5 | Noticed an ancient lich
 52522 | Vaults:5 | Killed an ancient lich
 52751 | Vaults:5 | Found Ygai's Jewellery Shoppe.
 52759 | Vaults:5 | Bought the ring "Syfyzemn" {rPois rC- rCorr Str+6 Int+4}
                  | for 975 gold pieces
 52877 | Vaults:5 | Noticed Mara
 52881 | Vaults:5 | Killed Mara
 53023 | Vaults:5 | Identified the +2 pair of boots of the Stars {rF+}
 53055 | Vaults:5 | Got a silver rune of Zot
 53331 | Crypt:1  | Entered Level 1 of the Crypt
 54282 | Crypt:2  | Reached XP level 26. HP: 168/168 MP: 46/47
 54488 | Crypt:2  | Found the +3 hat of Pondering {ponderous, Will+ MP+10
                  | Int+5}
 54814 | Crypt:3  | Entered Level 3 of the Crypt
 55726 | Crypt:3  | Found a basalt altar of Yredelemnul.
 55730 | Crypt:3  | Found an ancient bone altar of Kikubaaqudgha.
 55740 | Crypt:3  | Identified the +6 glaive of the Key {heavy, Str+2}
 55741 | Crypt:3  | Identified the staff "With Two Names" {Fly rElec Will+
                  | Dex+4 Conj}
 55771 | Crypt:3  | Noticed an ancient lich
 55775 | Crypt:3  | Killed an ancient lich
 55796 | Crypt:3  | Got Ereshkigal's Quarto of Black Secrets
 55804 | Crypt:3  | Learned a level 2 spell: Sublimation of Blood
 55889 | Crypt:3  | Found a staircase to the Tomb.
 56495 | Slime:1  | Entered Level 1 of the Pits of Slime
 56497 | Slime:1  | Reached skill level 1 in Necromancy
 56606 | Slime:2  | Reached skill level 5 in Necromancy
 56828 | Slime:5  | Entered Level 5 of the Pits of Slime
 56863 | Slime:5  | Killed the Royal Jelly
 56864 | Slime:5  | Reached XP level 27. HP: 170/173 MP: 35/47
 56951 | Slime:5  | Identified the +9 crystal plate armour "Zawnosu" {rPois
                  | Str-3 Slay+4}
 56957 | Slime:5  | Got a slimy rune of Zot
 56987 | Slime:5  | Identified the amulet "Duqea" {Spirit Fragile Int+3}
 56992 | Slime:5  | Identified the amulet of Law {rC+ Regen+ rCorr Dex-2}
 56998 | Slime:5  | Identified the +1 plate armour "Etuse" {rElec rF+}
 57010 | Slime:5  | Identified the +5 leather armour of the Hall of Blades
                  | {+Blink Int+4}
 57063 | Slime:5  | Identified the +0 pair of gloves of Precision Catastrophes
                  | {Str+4}
 57091 | Slime:5  | Identified the +4 mace "Killer Klown's Bane" {heavy, MP+9}
 57401 | Depths:1 | Entered Level 1 of the Depths
 57405 | Depths:1 | Reached skill level 10 in Necromancy
 57572 | Depths:1 | Reached skill level 5 in Dodging
 57901 | Depths:1 | Found a corrupted altar of Lugonu.
 57901 | Depths:1 | Found a one-way gate to the infinite horrors of the Abyss.
 58000 | Depths:2 | Noticed Boris
 58003 | Depths:2 | Killed Boris
 58171 | Depths:2 | Reached skill level 10 in Dodging
 58208 | Depths:2 | Found a gateway to Hell.
 58472 | Depths:3 | Noticed Louise
 58474 | Depths:3 | Killed Louise
 58518 | Depths:3 | Found a stormy altar of Qazlal.
 58533 | Depths:3 | Noticed Xtahua
 58537 | Depths:3 | Killed Xtahua
 58701 | Depths:4 | Entered Level 4 of the Depths
 58728 | Depths:4 | Found a one-way gateway to a ziggurat.
 58748 | Zig:1    | Entered Level 1 of a ziggurat
 58891 | Zig:2    | Entered Level 2 of a ziggurat
 58971 | Zig:3    | Entered Level 3 of a ziggurat
 59087 | Zig:3    | Identified the +5 leather armour of Follow the Leader
                  | {Dex+5}
 59090 | Zig:4    | Entered Level 4 of a ziggurat
 59094 | Zig:4    | Noticed a Killer Klown
 59095 | Zig:4    | Killed a Killer Klown
 59219 | Zig:5    | Entered Level 5 of a ziggurat
 59260 | Zig:6    | Entered Level 6 of a ziggurat
 59266 | Zig:6    | Noticed a Killer Klown
 59267 | Zig:6    | Noticed a Killer Klown
 59268 | Zig:6    | Killed a Killer Klown
 59268 | Zig:6    | Killed a Killer Klown
 59390 | Zig:7    | Entered Level 7 of a ziggurat
 59399 | Zig:7    | Reached skill level 15 in Dodging
 59428 | Zig:7    | Identified the +8 chain mail "Foyhoinn" {Contam rN+ Int+5}
 59441 | Zig:8    | Entered Level 8 of a ziggurat
 59449 | Zig:8    | Reached skill level 5 in Shields
 59586 | Zig:9    | Entered Level 9 of a ziggurat
 59719 | Zig:9    | Got the Commentary on Dislocation and Conflict
 59730 | Zig:10   | Entered Level 10 of a ziggurat
 59745 | Zig:10   | Found the +12 glaive of Prune {freeze, Prune}
 59779 | Zig:10   | Identified the ring of Xom's Flight of Fancy {Wiz rN+}
 59798 | Zig:11   | Entered Level 11 of a ziggurat
 59938 | Depths:4 | Noticed Boris
 59942 | Depths:4 | Killed Boris
 59943 | Depths:4 | Reached skill level 10 in Shields
 60465 | Depths:4 | Found a gate to the Realm of Zot.
 60517 | Zot:1    | Entered Level 1 of the Realm of Zot
 61318 | Zot:5    | Entered Level 5 of the Realm of Zot
 61410 | Zot:5    | Noticed a Killer Klown
 61412 | Zot:5    | Killed a Killer Klown
 61417 | Zot:5    | Noticed a dread lich
 61419 | Zot:5    | Killed a dread lich
 61428 | Zot:5    | Noticed a Killer Klown
 61430 | Zot:5    | Killed a Killer Klown
 61438 | Zot:5    | Noticed an orb of fire
 61446 | Zot:5    | Gained mutation: Your body sometimes deteriorates upon
                  | taking damage. [an orb of fire]
 61450 | Zot:5    | Noticed a Killer Klown
 61450 | Zot:5    | Killed an orb of fire
 61451 | Zot:5    | Reached skill level 15 in Shields
 61456 | Zot:5    | Killed a Killer Klown
 61457 | Zot:5    | Noticed a Killer Klown
 61460 | Zot:5    | Killed a Killer Klown
 61734 | Zot:5    | Noticed an orb of fire
 61740 | Zot:5    | Gained mutation: Potions are less effective at restoring
                  | your health. [an orb of fire]
 61741 | Zot:5    | Killed an orb of fire
 61744 | Zot:5    | Noticed an orb of fire
 61747 | Zot:5    | Lost mutation: Your muscles are strong. (Str +4, Int/Dex
                  | -1) [an orb of fire]
 61748 | Zot:5    | Killed an orb of fire
 61954 | Zot:5    | Noticed an ancient lich
 61958 | Zot:5    | Killed an ancient lich
 61976 | Zot:5    | Noticed an orb of fire
 61980 | Zot:5    | Killed an orb of fire
 62008 | Zot:5    | Noticed a Killer Klown
 62010 | Zot:5    | Killed a Killer Klown
 62125 | Zot:5    | Noticed a Killer Klown
 62128 | Zot:5    | Killed a Killer Klown
 62139 | Zot:5    | Noticed an orb of fire
 62144 | Zot:5    | Noticed an orb of fire
 62153 | Zot:5    | Noticed a dread lich
 62156 | Zot:5    | Gained mutation: Armour fits poorly on your strangely
                  | shaped body. [an orb of fire]
 62266 | Zot:5    | Killed an orb of fire
 62444 | Zot:5    | Killed a dread lich
 62445 | Zot:5    | Killed an orb of fire
 63067 | Zot:5    | Got the Orb of Zot
 63192 | Zot:2    | Learned a level 2 spell: Passwall
 63329 | Depths:1 | Found a blossoming altar of Fedhas.
 63702 | D:$      | Escaped with the Orb!

Illustrated notes

Levels and vault maps discovered:
D:1:      lightli_arrival_lavapool, layout_rooms, serial_shops, shop, shop,
          shop, nicolae_lakefront_shop
D:2:      layout_loops_corners, hangedman_abyss_or_decor_lesser_grid,
          uniq_jessica
D:3:      layout_basic, mainiacjoe_overflow_small_starburst,
          shapermc_ecumenical_altar_rom_forum
D:4:      layout_gridville, minmay_liquid_box
D:5:      layout_loops_ring, minmay_temple_entry_ruins, uniq_pikel
D:6:      layout_gridville, kennysheep_generic_room_11
D:7:      layout_rooms, amethyst_killhole, uniq_maggie, uniq_joseph
D:8:      layout_basic
D:9:      layout_irregular_city, overflow_temple_1_default, david_lair_generic,
          nicolae_eternal_life, minivault_1, grunt_ministairs_15,
          nicolae_elemental_shop
D:10:     layout_basic, evilmike_ruin_ashenzari, enter_bailey_3,
          minmay_ruined_shrine
D:11:     layout_cave_pools, orc_0_dummy, minmay_microvault
D:12:     layout_irregular_city, gammafunk_ghost_smash, minmay_quadrilaterals
D:13:     layout_roguey, small_chamber_with_monster
D:14:     layout_long_grid, david_vaults_2, uniq_azrael, uniq_frances
D:15:     grunt_enter_depths_giant_problem, layout_grid_maze,
          okawaru_altar_gauntlet_db, uniq_kirke
Temple:   hellmonk_temple_of_storms
Lair:1:   layout_misc_corridors, gammafunk_ghost_necromancy, patterned_corridor
Lair:2:   layout_regular_city, nicolae_lair_liquid_snakes
Lair:3:   layout_hall_layers, nicolae_swamp_entry_spooky,
          spider_nest_entry_web_field, special_room [special_room_mythical_zoo]
Lair:4:   layout_cave_pods, slime_entry_2, nicolae_lair_grazing_beasts
          [nicolae_sub_lair_graze_edge, nicolae_sub_lair_graze_edge,
          nicolae_sub_lair_graze_edge, nicolae_sub_lair_graze_edge], uniq_snorg
Lair:5:   hangedman_lair_in_review, layout_gridlike,
          chequers_serial_rivers_micro_b
Swamp:1:  layout_basic_swamp, gammafunk_ghost_wrathful_warriors,
          hangedman_swamp_ruin_hall
Swamp:2:  nzn_winding_woodlands_cross [nzn_winding_woodlands_5x15_parted,
          nzn_winding_woodlands_5x15_river_crossing,
          nzn_winding_woodlands_5x15_twine, nzn_winding_woodlands_5x15_crooked,
          nzn_winding_woodlands_15x15_witchcraft], layout_basic_swamp,
          portal_ice_cave_entry_ugly_swarm, nicolae_swamp_treefoil
Swamp:3:  layout_basic_swamp, nicolae_swamp_stair_fork
Swamp:4:  swamp_basic_johnstein, layout_basic_swamp, swamp_pool4
Spider:1: cheibrodos_spider_deadly_dance, drop_trap,
          nicolae_looking_at_the_future, uniq_mlioglotl
Spider:2: layout_spider_delve, nicolae_spider_nook
Spider:3: gammafunk_boulding_lane, nzn_ghost_randoct
Spider:4: grunt_spider_rune_circles, uniq_roxanne
Slime:1:  layout_caves
Slime:2:  layout_caves
Slime:3:  layout_caves, nicolae_slime_barrier
Slime:4:  layout_caves
Slime:5
Orc:1:    layout_caves
Orc:2:    kennysheep_orc_mage_school, layout_caves, serial_shops,
          bzr_entry_islet, nicolae_shop_self_help
Elf:1:    minmay_elf_arrival_plus, layout_geoelf_grid,
          nicolae_trove_entry_crossroad, serial_aquarium, aquarium_bridge_square
          [aquarium_subvault_wall, aquarium_subvault_bridge,
          aquarium_subvault_wall, aquarium_subvault_window], aquarium_window_1,
          aquarium_window_fake, aquarium_window_fake, aquarium_view_2e,
          aquarium_balcony_5b, aquarium_pool_1, minmay_elf_annihilation,
          item_on_display_a, lemuel_upstairs_altar, uniq_donald
Elf:2:    nicolae_elf_blades_splatter_lattice [grunt_blade_entry_basic],
          layout_loops_cross, portal_desolation_entry_ruin, serial_shops,
          nicolae_shop_gaudy_bauble
Elf:3:    minmay_elf_hall_x, layout_rooms
Vaults:1: nicolae_vaults_lopsided_apartments, hangedman_vaults_slither,
          hangedman_vaults_river_flow, ontoclasm_vaults_claustrophobia,
          hangedman_vaults_pinch, v_alt_pattern_5, nicolae_vaults_trapezoid_2,
          v_misc_27, ontoclasm_vaults_shuriken, vaults_dpeg_diagonal,
          nicolae_vaults_specimen_jars, nicolae_vaults_more_shelving_1,
          nicolae_vaults_variable_pillar_hall, layout_vaults_omnibox
Vaults:2: nicolae_vaults_shelves_hall, v_pattern_4, v_rooms_2,
          nicolae_vaults_holding_cells, hangedman_vaults_stream,
          minmay_crypt_entry_necro_gods, dpeg_vaults_monster_row,
          hangedman_vaults_nails, hangedman_vaults_impose,
          nicolae_vaults_variable_pillar_hall, nicolae_vaults_alarming,
          vaults_dpeg_hooks, nicolae_vaults_trapezoid_2, layout_vaults_ring,
          uniq_margery
Vaults:3: infiniplex_enter_wizlab_water, nicolae_vaults_yaktaur_gun_rack,
          nicolae_vaults_inception_network, nicolae_vaults_double_plus_2,
          nicolae_vaults_double_plus_1, ontoclasm_vaults_pinch,
          layout_vaults_omnigrid
Vaults:4: nicolae_vaults_closet_pinwheel_1, ontoclasm_vaults_gateway,
          ontoclasm_vaults_idyll, ontoclasm_vaults_decontamination,
          hangedman_vaults_locks, v_alt_pattern_4,
          nicolae_vaults_little_guard_posts,
          vaults_standard_mumra_enter_the_diamond, grunt_vaults_hallway_short,
          layout_vaults_big_room, serial_shops, nicolae_diamond_shop, uniq_boris
Vaults:5: uniq_bai_suzhen, uniq_mara
Crypt:1:  layout_misc_corridors, grunt_megastairs_2, grunt_crypt_arrival_split,
          roderic_lattice_octagonal_star
Crypt:2:  layout_chaotic_city
Crypt:3:  lightli_unholy_cathedral, layout_chaotic_city
Depths:1: layout_cave_shapes, abyss_entry_flame_altar,
          grunt_hell_entry_dis_grunt, serial_sigils_hangedman_gnaw,
          hellmonk_ghost_happy_afterlife, minmay_misc_feat_tower, fedhas_altar_3
Depths:2: dreamdust_tengu_aerie, layout_gridlike,
          nicolae_hell_entry_hellmouth_sunbeams, minmay_misc_feat_plants,
          grunt_pan_entry_in_and_out
Depths:3: kennysheep_large_vault, layout_honeycomb, reono_crystal_passage,
          serial_sigils, serial_sigils_hangedman_confine,
          serial_sigils_hangedman_quiver, serial_sigils_hangedman_stare,
          serial_sigils_hangedman_scratch, pf_coc_iceberg,
          nicolae_abyss_entry_one_way_or_another, grunt_qazlal_sundering,
          uniq_xtahua
Depths:4: grunt_twist_and_shout, layout_basic, enter_ziggurat_a,
          pf_hell_entry_tar_spiral, serial_sigils_hangedman_quiver
Zot:1:    layout_basic, ebering_ghost_xom, bh_zot_levy_curve
Zot:2:    layout_gridlike, grunt_ministairs_8
Zot:3:    minmay_elemental_castle, layout_gridlike
Zot:4:    layout_twisted_circle, uniq_vv
Zot:5:    layout_misc_corridors

Skill      XL: |  1  2  3  4  5  6  7  8  9 10 11 12 13 14 15 16 17 18 19 20 21 22 23 24 25 26 27 |
---------------+----------------------------------------------------------------------------------+-----
Conjurations   | 5 6 7 10 11 15 17 19 21 22 25 | 25.2
Spellcasting   | 3 4 5 8 10 11 12 14 15 16 18 20 | 20.0
Evocations     | 1 5 9 10 | 10.0
Fighting       | 4 5 |  5.0
Staves         | 4 5 |  5.0
Translocations | 4 |  4.0
Air Magic      | 4 |  4.0
Fire Magic     | 5 8 11 14 18 20 22 24 25 27 | 27.0
Shields        | 4 15 | 15.0
Armour         | 3 5 8 |  8.0
Necromancy     | 9 10 | 10.0
Dodging        | 15 | 15.1
Stealth        | |  2.0

Action                     |  1- 3 |  4- 6 |  7- 9 | 10-12 | 13-15 | 16-18 | 19-21 | 22-24 | 25-27 || total
---------------------------+-------+-------+-------+-------+-------+-------+-------+-------+-------++-------
  Melee: Unarmed           |    14 |       |       |       |       |       |       |       |       ||    14
         Whip              |       |     7 |    12 |       |       |       |       |       |       ||    19
         Flail             |       |     6 |       |    15 |       |       |       |       |       ||    21
         Staff             |       |       |     1 |   127 |   220 |   447 |   185 |   219 |    56 ||  1255
         Punch             |       |       |     1 |     4 |       |       |       |       |       ||     5
         Broad axe         |       |       |       |       |       |       |     5 |       |       ||     5
         Headbutt          |       |       |       |       |       |       |       |     2 |       ||     2
  Throw: Throwing net      |       |       |     4 |       |       |       |       |       |       ||     4
         Dart              |       |       |       |       |       |     3 |       |       |       ||     3
   Cast: Magic Dart        |    14 |       |       |       |       |       |       |       |       ||    14
         Searing Ray       |    21 |    42 |    39 |    41 |    10 |       |       |       |       ||   153
         Shock             |       |       |    56 |    46 |       |       |       |       |       ||   102
         Iskenderun's Myst |       |       |     1 |    17 |    22 |    34 |   110 |    22 |    68 ||   274
         Fulminant Prism   |       |       |       |    18 |    13 |       |       |       |       ||    31
         Sticky Flame      |       |       |       |    57 |    39 |    17 |    14 |       |       ||   127
         Vhi's Electric Ch |       |       |       |     1 |       |       |     3 |     2 |       ||     6
         Starburst         |       |       |       |       |    52 |    74 |    14 |       |       ||   140
         Plasma Beam       |       |       |       |       |       |   218 |   206 |   156 |    61 ||   641
         Fireball          |       |       |       |       |       |    16 |   137 |    19 |     8 ||   180
         Ignition          |       |       |       |       |       |       |    65 |    42 |    14 ||   121
         Apportation       |       |       |       |       |       |       |     8 |     2 |    12 ||    22
         Fire Storm        |       |       |       |       |       |       |       |   102 |   409 ||   511
         Orb of Destructio |       |       |       |       |       |       |       |    17 |    12 ||    29
         Sublimation of Bl |       |       |       |       |       |       |       |       |    28 ||    28
         Passwall          |       |       |       |       |       |       |       |       |     2 ||     2
  Evoke: Wand              |       |       |     6 |    21 |     7 |       |    13 |    19 |     7 ||    73
         Condenser vane    |       |       |       |       |       |     2 |     1 |     2 |       ||     5
         Box of beasts     |       |       |       |       |       |       |     2 |     1 |       ||     3
         Phantom mirror    |       |       |       |       |       |       |     2 |     1 |       ||     3
    Use: Scroll            |     3 |     5 |     4 |    12 |     5 |    15 |     6 |    11 |    12 ||    73
         Potion            |       |     2 |     2 |     3 |     2 |     5 |     5 |    14 |     4 ||    37
   Stab: Sleeping          |       |       |       |     1 |       |       |       |     2 |       ||     3
         Petrified         |       |       |       |       |     1 |       |       |       |       ||     1
         Distracted        |       |       |       |       |       |     2 |     1 |       |       ||     3
 Armour: Robe              |     8 |     5 |    14 |     1 |       |       |       |    13 |    16 ||    57
         Steam dragon scal |       |       |       |   108 |    30 |       |       |       |       ||   138
         Skin              |       |       |       |     8 |       |       |       |       |       ||     8
         Troll leather arm |       |       |       |       |   102 |   211 |       |       |       ||   313
         Swamp dragon scal |       |       |       |       |       |    60 |   170 |   120 |       ||   350
  Dodge: Dodged            |     8 |    27 |    70 |   183 |   201 |   342 |   157 |   147 |    50 ||  1185
         Repelled          |       |       |       |       |       |       |     2 |     3 |     8 ||    13
  Block: Buckler           |       |       |       |    11 |    90 |   164 |   102 |    65 |    13 ||   445
         Kite shield       |       |       |       |       |       |       |       |       |     5 ||     5
         Reflection        |       |       |       |       |       |       |       |       |     1 ||     1

Table legend: (Time is in decaauts)
 A = Elapsed time spent in this place.
 B = Non-inter-level travel time spent in this place.
 C = Inter-level travel time spent in this place.
 D = Time resting spent in this place.
 E = Time spent auto-exploring this place.
 F = Levels seen in this place.
 G = Mean time per level.
                   A        B        C        D        E       F      G
               +--------+--------+--------+--------+--------+-----+--------+
         Total |  63961 |  58971 |   4990 |  18974 |  28242 |  73 |  876.2 |
       Dungeon |  17728 |  15496 |   2232 |   3092 |   9454 |  15 | 1181.9 |
        Temple |     95 |     63 |     32 |      0 |     31 |   1 |   95.0 |
          Lair |   7609 |   6842 |    767 |   1834 |   3657 |   5 | 1521.8 |
         Swamp |   5257 |   5131 |    126 |   1847 |   2512 |   4 | 1314.2 |
   Spider Nest |   6007 |   5774 |    233 |   2555 |   2415 |   4 | 1501.8 |
    Slime Pits |    664 |    599 |     65 |    231 |     18 |   5 |  132.8 |
  Orcish Mines |   1556 |   1146 |    410 |     72 |    695 |   2 |  778.0 |
   Elven Halls |   4749 |   4469 |    280 |   1699 |   1951 |   3 | 1583.0 |
        Vaults |   8783 |   8261 |    522 |   2512 |   4470 |   5 | 1756.6 |
         Crypt |   2842 |   2660 |    182 |    766 |   1315 |   3 |  947.3 |
        Depths |   2051 |   1983 |     68 |    870 |    646 |   4 |  512.8 |
           Zot |   2698 |   2629 |     69 |   1403 |    450 |   5 |  539.6 |
         Abyss |    425 |    425 |      0 |    166 |     49 |   2 |  212.5 |
      Ziggurat |   1178 |   1178 |      0 |    690 |    108 |  11 |  107.1 |
        Bazaar |    112 |    112 |      0 |      0 |     43 |   1 |  112.0 |
        Bailey |    288 |    288 |      0 |      0 |    134 |   1 |  288.0 |
        Wizlab |   1896 |   1896 |      0 |   1233 |    292 |   1 | 1896.0 |
    Desolation |     15 |     15 |      0 |      2 |      0 |   1 |   15.0 |
               +--------+--------+--------+--------+--------+-----+--------+

Top non-repeatable levels by time:
Vaults:1: 2327 daAuts
  WizLab: 1896 daAuts
Vaults:4: 1838 daAuts
  Lair:2: 1771 daAuts
Spider:3: 1768 daAuts
 Swamp:2: 1747 daAuts
   Elf:2: 1727 daAuts
Spider:1: 1720 daAuts
     D:9: 1713 daAuts
   Zot:5: 1712 daAuts
     D:2: 1706 daAuts
Spider:4: 1684 daAuts
  Lair:3: 1626 daAuts
Vaults:2: 1564 daAuts
Vaults:3: 1559 daAuts
